 Dungeon Crawl Stone Soup version 0.30.1-11-g7821555f0a (webtiles) character file.

Game seed: 12205305226169627675

2429 Wiggles the Cleaver (level 9, -2/80 HPs)
             Began as a Minotaur Berserker on Nov 28, 2023.
             Was an Elder of Trog.
             Asphyxiated
             ... on level 7 of the Dungeon.
             The game lasted 00:08:38 (5109 turns).

Wiggles the Cleaver (Minotaur Berserker)            Turns: 5109, Time: 00:08:38

Health: -2/80      AC: 20    Str: 27    XL:     9   Next: 24%
Magic:  8/8        EV: 10    Int:  4    God:    Trog [****..]
Gold:   1573       SH:  0    Dex: 11    Spells: 8/8 levels left

rFire   + . .        C - +0 battleaxe
rCold   . . .        (shield currently unavailable)
rNeg    + . .        y - +0 chain mail
rPois   .            (helmet restricted)
rElec   .            t - +1 cloak
rCorr   .            (no gloves)
SInv    .            m - +2 pair of boots
Will    .....        (no amulet) Stlth
                     n - ring "Kaod" {rF+ rN+ Str+2}
HPRegen 0.33/turn    p - +4 ring of protection
MPRegen 0.11/turn

%: no passive effects
@: lethally poisoned (-2 -> -12), on berserk cooldown, slowed, very slow
A: horns 2, retaliatory headbutt
a: Renounce Religion, Berserk, Trog's Hand, Brothers in Arms


You were on level 7 of the Dungeon.
You worshipped Trog.
Trog was greatly pleased with you.
You visited 1 branch of the dungeon, and saw 7 of its levels.
You also visited: Ossuary.

You collected 1573 gold pieces.

Inventory:

Hand Weapons
 C - a +0 battleaxe (weapon)
Armour
 m - a +2 pair of boots (worn)
 t - a +1 cloak (worn)
 y - a +0 chain mail (worn)
Jewellery
 n - the ring "Kaod" (left hand) {rF+ rN+ Str+2}
   (You found it on level 3 of the Dungeon)

   [ring of protection from fire]

   Str:       It affects your strength (+2).
   rF:        It protects you from fire.
   rN:        It protects you from negative energy.
 p - a +4 ring of protection (right hand)
 w - a +6 ring of intelligence
 B - the Hermit's Pendant {Faith Invo=14 Evo=0 MP+5}
   (You found it on level 5 of the Dungeon)

   [amulet of faith]

   Invo=14: It sets your Invocations skill to 14.
   Evo=0: It sets your Evocations skill to 0.
   It allows you to gain divine favour quickly.
   MP:        It affects your magic capacity (+5).
Wands
 a - a wand of flame (17)
 f - a wand of mindburst (23)
 g - a wand of polymorph (10)
Scrolls
 d - 7 scrolls of teleportation
 e - 2 scrolls of enchant armour
 i - a scroll of magic mapping {unknown}
 j - a scroll of identify
Potions
 b - 3 potions of degeneration
 c - 8 potions of curing
 k - 2 potions of attraction
 l - 3 potions of haste
 o - 4 potions of lignification
 s - 4 potions of brilliance
 v - a potion of cancellation
 x - a potion of mutation {unknown}
 z - a potion of might {unknown}
Miscellaneous
 q - a piece from Xom's chessboard (15/15)


   Skills:
 + Level 7.7 Fighting
 + Level 11.3 Axes
 + Level 7.5 Armour
 + Level 3.3 Dodging
 + Level 0.5 Stealth


You had 8 spell levels left.
You didn't know any spells.
Your spell library was empty.

Dungeon Overview and Level Annotations

Branches:
Dungeon (7/15)            Ossuary (visited)
 Temple: D:4-7

Altars:


Innate Abilities, Weirdness & Mutations

You have a pair of horns on your head.
You reflexively headbutt those who attack you in melee.


Message History

The kobold brigand throws a curare-tipped dart.
The curare-tipped dart hits you.
You are poisoned.
You have difficulty breathing.
* * * LOW HITPOINT WARNING * * *
You feel as though you will be slow longer.
You are no longer berserk.
You are exhausted.
You feel as though you will be slow longer.
You feel very sick. The wight barely misses you.
You slash the wight!
The wight is severely damaged.
You hit the kobold brigand.
You feel very sick. The wight hits you but does no damage.
The kobold brigand hits you but does no damage.
You completely miss the wight. You headbutt the wight.
You destroy the wight!
Trog accepts your kill.
You barely miss the kobold brigand.
You feel very sick.
The kobold brigand hits you with a +0 dagger.
* * * LOW HITPOINT WARNING * * *
The kobold brigand hits you but does no damage.
Your life force feels restored.
You feel sick.
The kobold brigand hits you with a +0 dagger.
* * * LOW HITPOINT WARNING * * *
The kobold brigand hits you but does no damage.
Things that are here:
a +0 war axe; a +0 robe You feel sick.
The kobold brigand misses you.
Found 3 potions of curing.
You feel sick.
You are no longer poisoned.
The kobold brigand throws a curare-tipped dart.
The curare-tipped dart hits you.
You are lethally poisoned!
You have difficulty breathing.
You die...

..!............
...............
................
................ #
................ #
....................# #
....8#8.........[...# #
....#[#)@)..........# #.#
....8#8)............###..
.......))K...............
.......................##
$.......$...........#####
.........................
.........................
.........................
.........................


You could see a kobold brigand.

Vanquished Creatures
  Pikel (D:6)
  A sky beast (D:6)
  A black bear (D:5)
  2 ogres
  A centaur (D:5)
  A kobold brigand (D:5)
  5 bullfrogs
  A gnoll sergeant (D:7)
  A scorpion (D:5)
  2 water moccasin zombies (Ossuary)
  6 wights
  A howler monkey (D:5)
  A sleepcap (D:4)
  2 orc priests
  3 iguanas
  An orc wizard (D:3)
  3 mummies
  Robin (D:4)
  3 gnolls (D:7)
  8 adders
  A white imp (D:6)
  An ufetubus (D:6)
  3 adder zombies (Ossuary)
  2 dart slugs (D:3)
  31 orcs
  6 endoplasms
  4 giant cockroaches
  2 gnoll zombies (Ossuary)
  16 goblins
  8 hobgoblins
  5 quokkas
  8 ball pythons
  7 bats
  2 frilled lizards
  9 hobgoblin zombies (Ossuary)
  9 kobolds
  A kobold zombie (Ossuary)
  5 orc zombies (Ossuary)
  2 rats
167 creatures vanquished.

Notes
Turn   | Place    | Note
-------+----------+-------------------------------------------
     0 | D:1      | Wiggles the Minotaur Berserker began the quest for the Orb.
     0 | D:1      | Reached XP level 1. HP: 19/19 MP: 0/0
   643 | D:1      | Reached XP level 2. HP: 27/27 MP: 1/1
  1006 | D:2      | Reached skill level 4 in Axes
  1238 | D:2      | Reached XP level 3. HP: 33/33 MP: 2/2
  1422 | D:2      | Reached ** piety under Trog
  1674 | D:3      | Reached XP level 4. HP: 32/41 MP: 3/3
  1768 | D:3      | Identified the ring "Kaod" {rF+ rN+ Str+2}
  1929 | D:3      | Reached skill level 5 in Axes
  2349 | D:4      | Reached XP level 5. HP: 47/47 MP: 4/4
  2349 | D:4      | Noticed Robin
  2360 | D:4      | Killed Robin
  2360 | D:4      | Reached *** piety under Trog
  2487 | D:4      | Reached skill level 6 in Axes
  2997 | D:5      | Entered Level 5 of the Dungeon
  3117 | D:5      | Reached XP level 6. HP: 51/55 MP: 5/5
  3127 | D:5      | Reached skill level 7 in Axes
  3249 | D:5      | Reached skill level 5 in Fighting
  3259 | D:5      | Found a sand-covered staircase.
  3389 | Ossuary  | Entered an ossuary
  3410 | Ossuary  | Reached XP level 7. HP: 52/61 MP: 6/6
  3489 | Ossuary  | Reached skill level 8 in Axes
  3513 | Ossuary  | Reached **** piety under Trog
  3789 | D:5      | Found a faded altar of an unknown god.
  3789 | D:5      | Found the Hermit's Pendant {Faith Invo=14 Evo=0 MP+5}
  3799 | D:5      | Reached skill level 9 in Axes
  4010 | D:5      | Identified a scroll of acquirement
  4010 | D:5      | Acquired 1225 gold pieces
  4171 | D:6      | Reached skill level 5 in Armour
  4171 | D:6      | Reached XP level 8. HP: 57/70 MP: 7/7
  4424 | D:6      | Noticed Pikel
  4434 | D:6      | Killed Pikel
  4435 | D:6      | Reached skill level 10 in Axes
  4528 | D:6      | Reached skill level 11 in Axes
  4795 | D:7      | Reached XP level 9. HP: 51/78 MP: 8/8
  5107 | D:7      | HP: 4/80 [kobold brigand/+0 dagger (1)]
  5109 | D:7      | Asphyxiated

Illustrated notes

Levels and vault maps discovered:
D:1:      heliophobic_arrival_battle_scene, layout_loops_ring,
          minmay_stone_trees_medium, kennysheep_minor_cross,
          chequers_decorated_corner
D:2:      layout_loops_corners
D:3:      layout_rooms, minmay_checkerbox
D:4:      layout_basic, uniq_robin
D:5:      layout_rooms, gup_ossuary_entry_pyramid,
          hellmonk_guarded_unrand_hermit
D:6:      layout_rooms, uniq_pikel
D:7:      layout_basic, minmay_temple_entry_stoned_glass, enter_bailey_8,
          minmay_statues_item, kennysheep_generic_room_15

Skill      XL: |  1  2  3  4  5  6  7  8  9 |
---------------+----------------------------+-----
Axes           | 4 5 6 7 9 11 | 11.3
Fighting       | 4 5 6 7 |  7.7
Armour         | 3 4 5 7 |  7.5
Dodging        | 3 |  3.3
Stealth        | |  0.5

Action                     |  1- 3 |  4- 6 |  7- 9 || total
---------------------------+-------+-------+-------++-------
  Melee: Hand axe          |    38 |       |       ||    38
         Headbutt          |     6 |    16 |    27 ||    49
         War axe           |    24 |   130 |    66 ||   220
         Punch             |       |     1 |     1 ||     2
         Battleaxe         |       |       |    73 ||    73
 Invoke: Berserk           |     1 |       |     1 ||     2
    Use: Scroll            |       |       |    17 ||    17
 Armour: Animal skin       |     2 |       |       ||     2
         Ring mail         |    30 |     1 |       ||    31
         Scale mail        |       |    58 |       ||    58
         Chain mail        |       |     8 |   117 ||   125
  Dodge: Dodged            |    42 |    69 |    86 ||   197
